 Dungeon Crawl Stone Soup version 0.26.1-15-g04117e645d (webtiles) character file.

Game seed: 10931198739143603927

73 Froggeryz the Cutter (level 4, -3/32 HPs)
             Began as an Octopode Berserker on Jan 9, 2023.
             Was a Believer of Trog.
             Killed by nerve-wracking pain
             ... invoked by a shadow imp
             ... summoned by Natasha
              (4 damage)
             ... on level 2 of the Dungeon.
             The game lasted 00:01:20 (1364 turns).

Froggeryz the Cutter (Octopode Berserker)           Turns: 1364, Time: 00:01:20

Health: -3/32      AC:  0    Str: 16    XL:     4   Next: 27%
Magic:  0/4        EV: 15    Int:  9    God:    Trog [**....]
Gold:   45         SH:  0    Dex: 12    Spells: 3/3 levels left

rFire    . . .     SeeInvis .   (weapon currently unavailable)
rCold    . . .     Faith    .   (shield currently unavailable)
rNeg     . . .     Spirit   +   (helmet currently unavailable)
rPois    .         Reflect  .   j - amulet of guardian spirit
rElec    .         Harm     .   (ring currently unavailable)
rCorr    .         Rampage  .   (ring currently unavailable)
Will     .....                  (ring currently unavailable)
Stlth    +.........             (ring currently unavailable)
HPRegen  0.10/turn              (ring currently unavailable)
MPRegen  0.09/turn              (ring currently unavailable)
                                (ring currently unavailable)
                                (ring currently unavailable)

@: lethally poisoned (-3 -> -7), pig-form, slowed
A: small, almost no armour, stealthy swim, (amphibious), (8 rings), (constrict
8)
a: Renounce Religion, Berserk, Trog's Hand


You were on level 2 of the Dungeon.
You worshipped Trog.
Trog was pleased with you.
You were a filthy swine.
You visited 1 branch of the dungeon, and saw 2 of its levels.

You collected 45 gold pieces.

Inventory:

Hand Weapons
 a - a +0 short sword (melded)
Missiles
 f - 8 poisoned darts (quivered)
Jewellery
 j - an amulet of guardian spirit (around neck)
Wands
 m - a wand of flame (15)
Scrolls
 b - a scroll of noise {unknown}
 c - 2 scrolls of enchant weapon {unknown}
 e - 2 scrolls of identify {unknown}
 g - a scroll of amnesia {unknown}
 l - a scroll of enchant armour {unknown}
Potions
 d - a potion of curing {unknown}
 h - a potion of heal wounds {unknown}
 i - a potion of flight {unknown}
 k - a potion of invisibility {unknown}
 n - a potion of lignification {unknown}


   Skills:
 + Level 3.6 Fighting
 * Level 4.2 Short Blades
 + Level 1.3 Throwing
 - Level 3.0 Dodging


You had 3 spell levels left.
You didn't know any spells.
Your spell library was empty.

Dungeon Overview and Level Annotations

Branches:
Dungeon (2/15)

Altars:
Okawaru

Annotations:
D:2 Natasha


Innate Abilities, Weirdness & Mutations

You cannot wear most types of armour.
You are very stealthy in the water. (Stealth+)
((You are amphibious.))
((You can wear up to eight rings at the same time.))
((You can use your tentacles to constrict eight enemies at once.))
((Your skin changes colour to match your surroundings (Stealth+).))
((Your rubbery body absorbs attacks. (AC +1, EV +1)))


Message History

The adder closely misses you. The shadow imp misses you. Natasha misses you.
The shadow imp hits you. The adder bites you.
You are poisoned.
The adder poisons you!
You barely miss Natasha.
Natasha is severely wounded.
You feel sick. Natasha casts a spell at you. The magic dart hits you!
The adder bites you.
* * * LOW HITPOINT WARNING * * *
Natasha stares at you and mumbles some strange words.
The magic dart hits you!
* * * LOW HITPOINT WARNING * * *
The shadow imp barely misses you. The adder completely misses you.
Natasha zaps a wand.
You resist with some effort.
Natasha stares at you and mumbles some strange words.
You resist with some effort. The shadow imp gestures at you.
Pain shoots through your body!
You die...

#.# #.# #># .####
#.# .....##.##
.........#
...^..h..## #
.....5S.h)######.#
......5<.........#
........##.....##
#........#..#.#.###
...(...........>...
....###..#..##....#
.##...).......#
#..#
...#.........## ##
#.#...>......###


You could see an iron imp (summoned), Natasha (fast), an adder and a shadow imp
(summoned).

Vanquished Creatures
  Terence (D:2)
  An adder (D:2)
  2 dart slugs
  A ball python (D:2)
  3 hobgoblins (D:1)
  4 jackals (D:2)
  3 kobolds (D:1)
  5 bats
  2 frilled lizards (D:1)
  8 goblins
  3 rats
33 creatures vanquished.

Notes
Turn   | Place    | Note
-------+----------+-------------------------------------------
     0 | D:1      | Froggeryz the Octopode Berserker began the quest for the
                  | Orb.
     0 | D:1      | Reached XP level 1. HP: 16/16 MP: 1/1
   205 | D:1      | Reached XP level 2. HP: 21/21 MP: 2/2
   903 | D:2      | Reached XP level 3. HP: 23/26 MP: 1/3
   947 | D:2      | Noticed Terence
   948 | D:2      | Found an iron altar of Okawaru.
   957 | D:2      | Killed Terence
   957 | D:2      | Reached ** piety under Trog
   958 | D:2      | Reached skill level 4 in Short Blades
   958 | D:2      | Reached skill level 1 in Throwing
  1146 | D:2      | Reached XP level 4. HP: 18/31 MP: 2/4
  1354 | D:2      | Noticed Natasha
  1363 | D:2      | HP: 1/32 [Natasha/magic dart (7)]
  1364 | D:2      | Killed from afar by a shadow imp

Illustrated notes

Levels and vault maps discovered:
D:1:      shiori_shiawase, layout_basic, hangedman_decor_growths
D:2:      layout_rooms, okawaru_gym_becter, uniq_terence, uniq_natasha

Skill      XL: |  1  2  3 |
---------------+----------+-----
Short Blades   | 4 |  4.2
Throwing       | 1 |  1.3
Fighting       | |  3.6
Dodging        | |  3.0

Action                   |  1- 3 |  4- 6 || total
-------------------------+-------+-------++-------
Melee: Short sword       |    50 |    14 ||    64
       Tentacles         |     9 |     3 ||    12
       Constrict         |    11 |     5 ||    16
       Unarmed           |       |     6 ||     6
Invok: Berserk           |     1 |       ||     1
 Stab: Sleeping          |     3 |       ||     3
Armor: Skin              |     3 |     2 ||     5
Dodge: Dodged            |    29 |    28 ||    57
